Cogmind - Beta 15 @@@ ROGUE MODE // 2025.08.18 @ 17:14:11 Player: Andru7428 Result: Destroyed by ZE-8GW(R) with Subdweller Laser Performance ------------- Evolutions (0) 0 Regions Visited (2) 400 Robots Destroyed (26) 130 Value Destroyed (499) 499 Prototype IDs (0) 0 Alien Tech Used (0) 0 Bonus (-31) -31 TOTAL SCORE: 998 Bonus ------- Friendly Fire -31 Cogmind --------- Core Integrity 0/250 Matter 285/300 Energy 250/250 System Corruption 0% Temperature Cool (6) Movement Core (550) Ox10 Location -10/Subcaves Parts ------- > --- POWER (1) -------- Ion Engine > --- PROPULSION (2) --- (None) > --- UTILITY (2) ------ Large Storage Unit Seismic Detector > --- WEAPON (2) ------- Battle Rifle Barrage Gun > --- INVENTORY (15) --- Light Treads Heat Sink High-capacity Storage Unit Huge Storage Unit Seismic Detector Small Laser Subdweller Laser Subdweller Machine Gun Grenade Launcher Mining Laser Piercing Trap Peak State ------------ > --- POWER ------------ Ion Engine > --- PROPULSION ------- Wheel > --- UTILITY ---------- Large Storage Unit Seismic Detector > --- WEAPON ----------- Battle Rifle Barrage Gun > --- INVENTORY -------- Light Treads Heat Sink High-capacity Storage Unit Huge Storage Unit Seismic Detector Small Laser Subdweller Laser Subdweller Machine Gun Grenade Launcher Mining Laser Piercing Trap [Rating: 10] Favorites ----------- Power Ion Engine Engine Ion Engine Propulsion Light Treads Treads Light Treads Wheel Wheel Utility Seismic Detector Device Seismic Detector Storage Large Storage Unit Weapon Medium Laser Energy Gun Medium Laser Energy Cannon Beam Cannon Ballistic Gun Barrage Gun Launcher Grenade Launcher Build | -11 -10 -10 ------- Run | Yrd Mat Sub Slots Evolved . | . . . Power . | . . . Propulsion . | . . . Utility . | . . . Weapon . | . . . Parts Attached 20 | 7 7 6 Power 2 | 1 . 1 Engine 2 | 1 . 1 Core . | . . . Reactor . | . . . Propulsion 5 | 2 1 2 Treads 4 | 2 1 1 Leg . | . . . Wheel 1 | . . 1 Hover . | . . . Flight . | . . . Utility 7 | 2 4 1 Device 4 | 1 2 1 Storage 3 | 1 2 . Processor . | . . . Hackware . | . . . Protection . | . . . Artifact . | . . . Weapon 6 | 2 2 2 Energy Gun 2 | 2 . . Energy Cannon 1 | . 1 . Ballistic Gun 2 | . . 2 Ballistic Cannon . | . . . Launcher 1 | . 1 . Special Weapon . | . . . Impact Weapon . | . . . Slashing Weapon . | . . . Piercing Weapon . | . . . Special Melee Weapon . | . . . Unidentified Prototypes . | . . . Parts Lost 7 | . . 7 Power 1 | . . 1 Propulsion 4 | . . 4 Utility . | . . . Weapon 2 | . . 2 Highest Loss Streak 5 | . . 5 To Critical Strikes . | . . . Average Backups 9 | 6 9 9 Power . | . 1 . Propulsion 2 | 3 3 2 Utility 2 | . 2 4 Weapon 2 | 1 2 3 Tool/Special . | . . . Unused Backups 11 | . 6 5 Power . | . . . Propulsion 3 | . 3 . Utility 2 | . . 2 Weapon 6 | . 3 3 Tool/Special . | . . . Average Slot Usage (%) 95 | . 99 89 Engine 14 | . 14 14 Treads 23 | . 27 17 Wheel 1 | . . 5 Device 14 | . 14 14 Storage 14 | . 14 14 Energy Gun 17 | . 21 11 Energy Cannon 7 | . 6 8 Ballistic Gun 1 | . . 3 Peak Build Rating 10 | 7 8 10 Average Rating 7 | 4 7 7 On Entrance 5 | . 7 8 Naked Turns . | . . . Heaviest Build 32 | 14 31 32 Greatest Support 40 | 40 40 40 Greatest Overweight (x) 10 | . 1 10 Average Overweight (x) . | . . 1 Largest Inventory Capacity 15 | 8 15 15 Average Capacity 11 | 7 9 15 Most Carried 12 | 8 11 12 Average Carried 9 | 6 9 9 Final Capacity 15 | 8 15 15 Final Carried 11 | 7 11 11 Class Distribution -------------------- 100% | Mutant Dominant Class ---------------- Mutant | -10/Materials Mutant | -10/Subcaves Resources | -11 -10 -10 ----------- Run | Yrd Mat Sub Matter Collected 475 | 260 110 105 Remotely . | . . . Salvage Created 754 | 125 458 171 Parts 58 | 11 39 8 Haulers Intercepted 2 | . 2 . Recyclers Shooed 4 | 2 2 . Parts Field Recycled . | . . . Retrieved Matter . | . . . Parts Self-Destructed 1 | . . 1 Prevented . | . . . Kills | -11 -10 -10 ------- Run | Yrd Mat Sub Combat Hostiles Destroyed 14 | . 8 6 Guns 5 | . 4 1 Cannons 3 | . 2 1 AOE 6 | . 2 4 Classes Destroyed 10 | 2 5 3 Builder 1 | . 1 . Tunneler 2 | 2 . . Hauler 2 | . 2 . Recycler 2 | 1 1 . Turret 2 | . . 2 Watcher 3 | . 3 . Swarmer 7 | . 3 4 Grunt 5 | . 5 . Subdweller 2 | . . 2 Scientist 1 | . . 1 Best Kill Streak 4 | 2 3 4 Combat Bots Only 4 | . 3 4 Max Kills in Single Turn 2 | 1 2 2 Gunslinging . | . . . Exploded 2 | . 2 2 Melee . | . . . Uniques/NPCs Destroyed . | . . . Combat | -11 -10 -10 -------- Run | Yrd Mat Sub Hostile Shots Fired 112 | . 30 82 Missed 33 | . 7 26 Hits 79 | . 23 56 Projectile 79 | . 23 56 AOE 5 | . . 5 Critical Strikes 3 | . 1 2 Damage Taken 1246 | . 303 943 Core 264 | . 95 169 Absorbed by Shields . | . . . Regen/Repaired (Parts) 77 | . 77 . Core Remaining (%) 100 | 100 . . Volleys Fired 77 | 9 36 32 Largest 2 | 2 2 2 Hottest 110 | 90 110 110 Shots Fired 139 | 18 71 50 Gun 106 | 18 59 29 Cannon 29 | . 11 18 Launcher 4 | . 1 3 Special . | . . . Kinetic . | . . . Thermal 135 | 18 70 47 Explosive 4 | . 1 3 Electromagnetic . | . . . Robot Hit Streak 13 | 2 7 13 Robot Miss Streak 6 | 1 6 3 Penetration Max . | . . . Secondary Targets . | . . . Shots Hit Robots 87 | 10 41 36 Core Hits 44 | 4 26 14 Critical Kills . | . . . Critical Parts Destroyed . | . . . Critical Strikes 2 | . 1 1 Burn 2 | . 1 1 Melee Attacks . | . . . Impact . | . . . Slashing . | . . . Piercing . | . . . Sneak Attacks . | . . . Combat Hostiles . | . . . Follow-up Attacks . | . . . Damage Inflicted 1553 | 116 682 755 Guns 785 | 116 425 244 Cannons 355 | . 127 228 Explosions 409 | . 126 283 Melee . | . . . Ramming 4 | . 4 . Kinetic . | . . . Thermal 1140 | 116 552 472 Explosive 409 | . 126 283 Electromagnetic . | . . . Impact . | . . . Slashing . | . . . Piercing . | . . . Highest Corruption . | . . . Average Corruption . | . . . Corruption Purged . | . . . Corruption Blocked . | . . . Overload Shots . | . . . Overflow Damage 8 | . . 8 Projectiles . | . . . Explosions 8 | . . 8 Melee . | . . . Knockbacks . | . . . Impact . | . . . Kinetic . | . . . Secondary . | . . . Self-Inflicted Damage 22 | . . 22 Shots 1 | . . 1 Rammed 2 | . 2 . Targets Rammed 2 | . 2 . Kicked . | . . . Crushed . | . . . Highest Temperature 234 | 180 234 4 Average Temperature 65 | 77 63 4 Received Heat Transfer 417 | . 162 255 Siege Activations . | . . . Martial Activations . | . . . Shielding Activations . | . . . Robots Disrupted . | . . . Combat Hostiles . | . . . Robots Corrupted . | . . . Combat Hostiles . | . . . Parts Fried . | . . . Impact Corruptions . | . . . Robots Melted . | . . . Combat Hostiles . | . . . Parts Melted 4 | . 3 1 Heat Transferred 2945 | 298 1448 1199 Parts Sabotaged . | . . . Parts Stolen . | . . . Parts Stripped . | . . . Power Chain Reactions . | . . . Alert | -11 -10 -10 ------- Run | Yrd Mat Sub Maximum Alert Level . | . . . Low Security (%) 100 | 100 100 . Level 1 . | . . . Level 2 . | . . . Level 3 . | . . . Level 4 . | . . . Level 5 . | . . . High Security . | . . . Max Security . | . . . Peak Influence 87 | 10 87 . Initial . | . . . Average 14 | 1 16 . Influence Increases 540 | 15 315 210 Destroy 0b10 Robot/C 280 | . 160 120 Destroy 0b10 Robot/NC 50 | 15 35 . Destroy Leader 50 | . 50 . Successful Hack 23 | . 23 . Disable Machine 15 | . 15 . Destroy Structure 2 | . 2 . Lose Combat Pursuer 120 | . 30 90 Influence Decreases 540 | 15 315 210 Time Decay 490 | 15 315 160 Lost Part 50 | . . 50 Squads Dispatched 2 | . 2 . Investigation 1 | . 1 . Extermination . | . . . Reinforcement 1 | . 1 . Assault . | . . . Garrison . | . . . Intercept . | . . . Searches Triggered . | . . . Construction Impeded . | . . . Haulers Reinforced . | . . . Active Scanning Responses . | . . . Cargo Convoy Interrupts . | . . . Stealth | -11 -10 -10 --------- Run | Yrd Mat Sub Distress Signals . | . . . Communications Jammed . | . . . Distress Signals . | . . . Times Spotted 28 | . 15 13 Peak Tracking Total 5 | . 5 4 Tactical Retreats 3 | . 1 2 Traps | -11 -10 -10 ------- Run | Yrd Mat Sub Traps Triggered 1 | . 1 . Indirectly . | . . . Trap Hack Attempts . | . . . Triggered . | . . . Disarmed . | . . . Reprogrammed . | . . . Reused . | . . . Traps Extracted . | . . . Installed . | . . . Triggered . | . . . Most Traps Carried 1 | . . 1 Machines | -11 -10 -10 ---------- Run | Yrd Mat Sub Machines Disabled 2 | . 1 1 Max in Single Turn 1 | . 1 1 Machines Repaired . | . . . Machines Dismantled . | . . . Machines Sabotaged . | . . . Overloaded Fab Kills . | . . . Hacking | -11 -10 -10 --------- Run | Yrd Mat Sub Machines Accessed 8 | . 8 . Terminals 7 | . 7 . Fabricators . | . . . Repair Stations 1 | . 1 . Recycling Units . | . . . Scanalyzers . | . . . Garrison Access . | . . . Total Hacks 35 | . 35 . Successful 18 | . 18 . Failed 17 | . 17 . Catastrophic 1 | . 1 . Database Lockouts . | . . . Manual 28 | . 28 . Terminals 28 | . 28 . Fabricators . | . . . Repair Stations 7 | . 7 . Recycling Units . | . . . Scanalyzers . | . . . Garrison Access . | . . . Terminal Hacks 5 | . 5 . Part Schematic 1 | . 1 . Robot Analysis 2 | . 2 . Terminal Index 1 | . 1 . Recall Investigation 1 | . 1 . Fabricator Hacks . | . . . Repair Station Hacks 6 | . 6 . Scan Component 4 | . 4 . Repair 2 | . 2 . Recycling Unit Hacks . | . . . Scanalyzer . | . . . Garrison Access Hacks . | . . . Unauthorized Hacks 7 | . 7 . Terminals 7 | . 7 . Botnet 2 | . 2 . Skim 5 | . 5 . Fabricators . | . . . Repair Stations . | . . . Recycling Units . | . . . Scanalyzers . | . . . Garrison Access . | . . . Data Cores Recovered . | . . . Used . | . . . Hacking Detections 8 | . 8 . Full Trace Events . | . . . Feedback Events . | . . . Feedback Blocked . | . . . Robot Schematics Acquired . | . . . Robots Built . | . . . Authchips . | . . . Time . | . . . Total Robot Build Rating . | . . . Part Schematics Acquired 1 | . 1 . Parts Built . | . . . Authchips . | . . . Time . | . . . Total Part Build Rating . | . . . Parts Repaired 2 | . 2 . Time 52 | . 52 . Parts Recycled . | . . . Recycled Matter . | . . . Retrieved Matter . | . . . Retrieved Components . | . . . Parts Scanalyzed . | . . . Part Schematics Acquired . | . . . Parts Damaged . | . . . Bothacking | -11 -10 -10 ------------ Run | Yrd Mat Sub Used RIF Installer . | . . . Robots Hacked . | . . . Non-combat . | . . . Combat . | . . . Robot Hacks Applied . | . . . Relay Couplers Released . | . . . Fabnet Peak Effective % . | . . . Robots Rewired . | . . . Allies Hacked . | . . . Hacks Repelled . | . . . Allies | -11 -10 -10 -------- Run | Yrd Mat Sub Total Allies . | . . . Largest Group . | . . . Highest-Rated Group . | . . . Highest-Rated Ally . | . . . Total Orders . | . . . Ally Attacks . | . . . Total Damage . | . . . Kills . | . . . Allies Corrupted . | . . . Allies Melted . | . . . Intel | -11 -10 -10 ------- Run | Yrd Mat Sub Active Infowar (turns) 1908 | 1 1341 566 Seismic 1908 | 1 1341 566 Robot Analysis Total 2 | . 2 . Derelict Logs Recovered 1 | . . 1 Drone Launches . | . . . Drone Recoveries . | . . . Exploration | -11 -10 -10 ------------- Run | Yrd Mat Sub Turns Passed 2343 | 154 1368 821 Spaces Moved 1144 | 70 607 467 Core 4 | 3 . 1 Treads 920 | 67 607 246 Legs . | . . . Wheels 220 | . . 220 Hover . | . . . Flight . | . . . Fastest Speed 50 | 50 160 110 Average Speed 151 | 155 160 138 Slowest Speed 550 | 160 240 550 Overloaded Moves . | . . . Propulsion Burnouts . | . . . Robots Hopped . | . . . Potential Cave-ins . | . . . Cave-ins Triggered . | . . . Exploration Rate (%) 39 | 5 93 21 Regions Visited 2 Branch Regions 1 Pre-discovered Areas 1 | . . 1 Known Exits Taken 1 | . 1 . Unknown Exits Taken 1 | 1 . . Scrap Searched 3 | . . 3 Spaces Dug . | . . . Terrain Destroyed 13 | . 2 11 Melee . | . . . Projectile . | . . . AOE 13 | . 2 11 Terrain Rammed . | . . . Walls Destroyed . | . . . Machines Disabled . | . . . Actions | -11 -10 -10 --------- Run | Yrd Mat Sub Total 1615 | 96 932 587 Wait 327 | . 254 73 Move 1142 | 69 606 467 Hop . | . . . Pick Up 28 | 11 12 5 Fast Attach 5 | 3 2 . Attach 9 | 4 . 5 Detach . | . . . Swap 14 | . 9 5 Drop 11 | . 11 . Fire 77 | 9 36 32 Melee . | . . . Ram . | . . . Kick . | . . . Crush 2 | . 2 . Escape Stasis . | . . . Rewire . | . . . Trap . | . . . Miscellaneous . | . . . Route ------- -11/Scrapyard -10/Materials (discovered 6 exits: *Mat x3 / *Min x2 / *Sub) -10/Subcaves (discovered 2 exits: [*Mat] / [*Rec]) History --------- Turn | Location | Event 11 | -11/Scrapyard | Discovered new exit (range 14) 155 | -11/Scrapyard | Entered Materials 318 | -10/Materials | Build established: Mutant 342 | -10/Materials | Discovered new exit (range 11) 455 | -10/Materials | Discovered new exit (range 9) 500 | -10/Materials | Learned Storage stockpile data 560 | -10/Materials | Identified exit to Materials 560 | -10/Materials | Identified exit to Mines 652 | -10/Materials | Identified exit to Subcaves 686 | -10/Materials | Learned 2 Mines zone layouts 710 | -10/Materials | Learned 8 Materials zone layouts 725 | -10/Materials | Learned Storage trap positions 821 | -10/Materials | Loaded intel: 1 repair station location 1226 | -10/Materials | Repaired Lgt. Treads 1253 | -10/Materials | Repaired Lgt. Treads 1523 | -10/Materials | Entered Subcaves 1524 | -10/Subcaves | Approached by a straggling Scientist 1912 | -10/Subcaves | Core integrity fell below 50% 1922 | -10/Subcaves | Discovered new exit (range 13) 1991 | -10/Subcaves | A swath of the cavern ceiling suddenly collapsed 2014 | -10/Subcaves | Core integrity fell below 20% 2059 | -10/Subcaves | Lost 5 parts (3n2w) 2182 | -10/Subcaves | Discovered new exit (range 9) 2344 | -10/Subcaves | Destroyed by ZE-8GW(R) with Subdweller Laser Last Messages --------------- 02204_ Searching scrap... 02204_ Found Sub. Machine Gun. 02204_ Found Piercing Trap. 02204_ Found 62 Matter. 02205_ Searching scrap... 02205_ Found Sub. Laser. 02205_ Found Battle Rifle. 02205_ Found 38 Matter. 02206_ Searching scrap... 02206_ Found Barrage Gun. 02206_ Found 58 Matter. 02208_ Acquired Barrage Gun. 02211_ Acquired Battle Rifle. 02213_ Acquired Piercing Trap. 02215_ Subatomizers dissect the Sub. Machine Gun. 02215_ Acquired Sub. Laser. 02217_ Acquired Sub. Machine Gun. 02220_ ZE-8GW(R): "YOUGO!" 02338_ Wheel destroyed. Map ----- +----------------------------------------------------+ | ??????????????#" ??????????????????????? | | ??????????????#""" ??????????????????????? | | ??????????????#""" ??????????????????????? | | ??????????????# " ##?????????????????????? | | ??????????????##"" #?????????????????????? | | ??????????????# #?????????????????????? | | ??????????????# #?????????????????????? | | ??????????????##" ##?????????????????????? | | ??????????????# ##?????????????????????? | | ??????????????## #?????????????????????? | | ??????????????# #?????????????????????? | | ??????????????## #???####???#####??????? | | ??????????????# #???# ##??# #??????? | | ??????????????# #??## #??# ##??????? | | ??????????????# #?## #?## #???????? | | ??????????????## ### #???# #???????? | | ??????????????# ## ##### ##???????? | | ??????????????## ## # #????????? | | ???????????????# #????????? | | ???????????????## #????????? | | ??????????###??# R# ## # #????????? | | ??????????#%#### ##### ###??????? | | ??????????# "# #< ## ##?????? | | ??????????#%%# #### ## #?????? | | ??????????#" # #< ##?# #?????? | | ??????????## "##@ ### ###???? | | ???????????###### < # # ## ##??? | | ????????????????## ###### ### #### | | ?????????????????##### ## ####?# # | | ?????????????????????# ####?#### | | ?????????????????????# #????### # # | | ?????????????????????# #??????##### | | ?????????????????????## ##??????????? | | ??????????????????????########???????????? | | ?????????????????????????????????????????? | | ?????????????????????????????????????????? | | ?????????????????????????????????????????? | | ?????????????????????????????????????????? | | ?????????????????????????????????????????? | | ?????????????????????????????????????????? | | ?????????????????????????????????????????? | | ?????????????????????????????????????????? | | ?????????????????????????????????????????? | | ?????????????????????????????????????????? | | ?????????????????????????????????????????? | | ?????????????????????????????????????????? | | ?????????????????????????????????????????? | | ?????????????????????????????????????????? | | | | | +----------------------------------------------------+ Best States ------------- Heat Dissipation 35 Energy Generation 10 Energy Capacity 250 Matter Stores 300 Matter Capacity 300 Sight Range 16 Terrain Scan Density 10 Evasion (%) 40 Recoil Reduction 2 Item Schematics ----------------- Hcp. Storage Unit | -10/Materials | Hacked Robot Schematics ------------------ None Fabricated ------------ Nothing Repaired ---------- Lgt. Treads | 74% | -10/Materials Lgt. Treads | 70% | -10/Materials Alien Tech Used ----------------- None Achievements -------------- None Challenges ------------ None Game ------ Seed TargetReflexBuckler Manual? 0 Play Time 00:16:01 Cumulative 386.3 hours Start 2025.08.18 @ 17:01:28 End 2025.08.18 @ 17:14:11 Sessions 1 Manual Loads 0 Difficulty Rogue Special Mode None Game No. 242 Rogue 242 Adventurer 0 Explorer 0 Win Type - Total 8 Types 8/0/0/0/0/0/0/0/0/0 Lore% 79 Gallery% 75 Achievement% 69 Wizard Run 0 Options --------- Layout 1 ASCII 0 Keyboard 1 Movement Numpad Keybinds 0 Fullscreen 2 Font 24/Smallcaps Map View 50x35 Zoom Use 0% Tactical HUD 1 Map Filters NONE Filters NONE Steam 1 RUN: c7ad3395-d45c-4468-969c-0925aebc3685